 Dungeon Crawl Stone Soup version bcrawl-1.36.5b (webtiles) character file.

Game seed: 13799216128738962636

122889 CuBeRJAN3 the Conjurer (level 5, -7/35 HPs)
             Began as a Human Conjurer on Aug 23, 2022.
             Mangled by Ijyb
             ... wielding a +1 dagger of electrocution
              (16 damage)
             ... on level 3 of the Dungeon.
             The game lasted 00:07:54 (2344 turns).

CuBeRJAN3 the Conjurer (Human Conjurer)             Turns: 2344, Time: 00:07:54

Health: -7/35      AC:  3    Str:  8    XL:     5   Next: 8%
Magic:  1/4        EV: 13    Int: 17    God:
Gold:   117        SH:  0    Dex: 13    Spells: 3/9 levels left

rFire    . . .     GDR:     25% a - +0 dagger (antimagic)
rCold    . . .     SeeInvis .   (no shield)
rNeg     . . .     Gourm    .   d - +0 robe
rPois    .         Faith    .   (no helmet)
rElec    .         Spirit   .   o - +0 cloak
rCorr    .         Reflect  .   (no gloves)
MR       .....                  (no boots)
Stlth    ++........             (no amulet)
HPRegen  0.11/turn              (no ring)
MPRegen  0.09/turn              (no ring)

@: no status effects
A: no striking features
a: no special abilities


You were on level 3 of the Dungeon.
You were hungry.

You visited 1 branch of the dungeon, and saw 3 of its levels.

You collected 117 gold pieces.

Inventory:

Hand Weapons
 a - a +0 antimagic dagger (weapon)
 b - a +0 hunting sling
Missiles
 p - 208 sling bullets
Armour
 d - a +0 robe (worn)
 o - a +0 cloak (worn)
Jewellery
 t - an uncursed ring of magical power {unknown}
Scrolls
 f - 3 scrolls of remove curse
 h - a scroll of fog {unknown}
 j - a scroll of blinking {unknown}
Potions
 c - a potion of magic
 g - a potion of invisibility
 k - a potion of cancellation {unknown}
 l - 2 potions of might
 m - a potion of degeneration {unknown}
 n - a potion of agility {unknown}
 q - a potion of ambrosia {unknown}
 r - a potion of mutation {unknown}
 s - a potion of heal wounds {unknown}
Comestibles
 e - 2 rations {!d}
 i - 2 chunks of flesh


   Skills:
 + Level 3.2 Dodging
 + Level 3.6 Stealth
 + Level 2.7 Spellcasting
 + Level 5.0 Conjurations


You had 3 spell levels left.
You knew the following spells:

 Your Spells              Type           Power        Failure   Level  Hunger
a - Magic Dart            Conj           ###.         2%          1    None
b - Searing Ray           Conj           ###.....     3%          2    ##.....
c - Iskenderun's Mystic   Conj           ###.....     7%          3    ####...

Your spell library contained the following spells:

 Spells                   Type           Power        Failure   Level  Hunger
 Fulminant Prism          Conj/Hex       ##........   54%         4    #####..
 Irradiate                Conj/Tmut      ##........   87%         5    #######


Dungeon Overview and Level Annotations

Branches:
Dungeon (3/12)

Altars:

Annotations:
D:3 Ijyb


Message History

Ijyb closely misses you.
You hit Ijyb but do no damage.
Ijyb is heavily wounded.
Ijyb hits you but does no damage.
You hit Ijyb but do no damage.
Ijyb is heavily wounded.
Ijyb hits you but does no damage.
You hit Ijyb.
Ijyb is severely wounded.
Ijyb hits you with a +1 dagger of electrocution.
You barely miss Ijyb.
Ijyb is severely wounded.
Ijyb misses you.
Your magical contamination has completely faded away.
You hit Ijyb but do no damage.
Ijyb is severely wounded.
Ijyb hits you with a +1 dagger of electrocution.
* * * LOW HITPOINT WARNING * * *
You are electrocuted!
You die...

.. ... ...##
.....####
.........
.....[..#
..#.....##
.......@.#
.#......g#
##.......#
#..?......
#..........
#...........#
#....#######.
###..


You could see Ijyb.

Vanquished Creatures
  A howler monkey (D:2)
  2 worms (D:2)
  2 leopard geckos
  4 bats
  2 giant cockroaches
  12 goblins
  10 hobgoblins
  4 jackals (D:2)
  6 kobolds
  3 frilled lizards
  4 rats
50 creatures vanquished.

Notes
Turn   | Place    | Note
-------+----------+-------------------------------------------
     0 | D:1      | CuBeRJAN3 the Human Conjurer began the quest for the Orb.
     0 | D:1      | Reached XP level 1. HP: 13/13 MP: 3/3
   163 | D:1      | Reached XP level 2. HP: 19/19 MP: 1/5
   191 | D:1      | Learned a level 2 spell: Searing Ray
   650 | D:1      | Reached XP level 3. HP: 24/24 MP: 4/6
   685 | D:1      | Learned a level 3 spell: Iskenderun's Mystic Blast
  1673 | D:2      | Reached XP level 4. HP: 30/30 MP: 0/7
  1774 | D:2      | Reached skill level 5 in Conjurations
  1982 | D:2      | Reached XP level 5. HP: 35/35 MP: 4/9
  2241 | D:3      | Noticed Ijyb
  2344 | D:3      | Mangled by Ijyb

Skill      XL: |  1  2  3  4 |
---------------+-------------+-----
Stealth        | 3 |  3.6
Dodging        | 3 |  3.2
Conjurations   | 5 |  5.0
Spellcasting   | |  2.7

Action                   |  1- 3 |  4- 6 || total
-------------------------+-------+-------++-------
Melee: Short sword       |     1 |     7 ||     8
       Unarmed           |     1 |       ||     1
       Dagger            |       |    18 ||    18
 Fire: Hunting sling     |       |    30 ||    30
 Cast: Magic Dart        |    52 |     1 ||    53
       Searing Ray       |    12 |     8 ||    20
  Use: Scroll            |       |     3 ||     3
  Eat: Chunk             |     2 |     2 ||     4
       Ration            |       |     1 ||     1
Armor: Robe              |       |    11 ||    11
Dodge: Dodged            |     2 |    24 ||    26
